 Dungeon Crawl Stone Soup version 0.30.1-9-gdf580d7c3d (webtiles) character file.

Game seed: 1870049490813322550

91 BapaGohns the Trooper (level 4, -1/41 HPs)
             Began as a Hill Orc Berserker on Oct 10, 2023.
             Was a Believer of Trog.
             Succumbed to a scorpion's poison
             ... on level 4 of the Dungeon.
             The game lasted 00:27:06 (2500 turns).

BapaGohns the Trooper (Hill Orc Berserker)          Turns: 2500, Time: 00:27:06

Health: -1/41      AC: 11    Str: 20    XL:     4   Next: 59%
Magic:  4/4        EV:  6    Int:  6    God:    Trog [**....]
Gold:   118        SH:  0    Dex: 14    Spells: 3/3 levels left

rFire   . . .        a - +0 quarterstaff
rCold   . . .        (shield currently unavailable)
rNeg    . . .        b - +0 plate armour
rPois   .            (helmet restricted)
rElec   .            (no cloak)
rCorr   .            (no gloves)
SInv    .            (no boots)
Will    .....        (no amulet) Stlth
                     (no ring)
HPRegen 1.06/turn    (no ring)
MPRegen 0.09/turn

%: no passive effects
@: lethally poisoned (-1 -> -14)
A: antennae 1, agile 1, regeneration 1
a: Renounce Religion, Berserk, Trog's Hand


You were on level 4 of the Dungeon.
You worshipped Trog.
Trog was pleased with you.
You visited 1 branch of the dungeon, and saw 4 of its levels.

You collected 118 gold pieces.

Inventory:

Hand Weapons
 a - a +0 quarterstaff (weapon)
Armour
 b - a +0 plate armour (worn)
 c - a +0 helmet
Potions
 d - 2 potions of mutation
 e - a potion of magic {unknown}
 f - a potion of curing {unknown}


   Skills:
 + Level 4.7 Fighting
 + Level 4.5(4.6) Axes
 + Level 1.0(2.6) Maces & Flails
 + Level 0.2(0.5) Staves
 + Level 3.0 Armour
 + Level 2.0 Dodging
 + Level 0.1 Stealth


You had 3 spell levels left.
You didn't know any spells.
Your spell library was empty.

Dungeon Overview and Level Annotations

Branches:
Dungeon (4/15)
 Temple: D:4-7

Altars:
Elyvilon


Innate Abilities, Weirdness & Mutations

You have a pair of small antennae on your head.
You are agile. (Dex +4, Str/Int -1)
Your natural rate of healing is unusually fast.


Message History

You barely miss the scorpion.
The scorpion is heavily wounded.
The scorpion stings you but does no damage.
The scorpion completely misses you.
You hit the scorpion.
The scorpion is heavily wounded.
The scorpion stings you but does no damage.
You hit the scorpion.
The scorpion is heavily wounded.
The scorpion stings you.
The scorpion stings you but does no damage.
You hit the scorpion.
The scorpion is almost dead.
The scorpion stings you.
You closely miss the scorpion.
The scorpion is almost dead.
The scorpion stings you.
You are poisoned.
The scorpion poisons you! The scorpion stings you.
You hit the scorpion but do no damage.
The scorpion is almost dead.
You feel very sick. The scorpion stings you.
* * * LOW HITPOINT WARNING * * *
You are more poisoned.
The scorpion poisons you!
Okay, then.
It was a potion of mutation.
You feel extremely strange. A pair of antennae grows on your head!
Your +0 helmet falls away!
You feel agile.
You begin to heal more quickly.
You feel sick. The scorpion stings you.
* * * LOW HITPOINT WARNING * * *
You are lethally poisoned!
The scorpion poisons you!
The scorpion stings you but does no damage.
You sock the scorpion!
You kill the scorpion!
Trog accepts your kill.
You die...

.. .P. #.# ... .. #.# #.
#.# ####.######## ##.##
#
........#...###...###...
####......P....._.....P.
.)...<###...###...###...
.###### ##### ##@## #
#.# #.# ... .P. #...#
##.## ..#


There were no monsters in sight!

Vanquished Creatures
  A scorpion (D:4)
  6 adders
  2 dart slugs (D:2)
  2 ball pythons
  2 endoplasms
  3 goblins
  3 hobgoblins
  2 kobolds
  3 quokkas
  7 bats
  A frilled lizard (D:1)
  4 rats
36 creatures vanquished.

Notes
Turn   | Place    | Note
-------+----------+-------------------------------------------
     0 | D:1      | BapaGohns the Hill Orc Berserker began the quest for the
                  | Orb.
     0 | D:1      | Reached XP level 1. HP: 19/19 MP: 1/1
    71 | D:1      | Found a faded altar of an unknown god.
   775 | D:1      | Reached XP level 2. HP: 27/27 MP: 2/2
  1111 | D:2      | Reached XP level 3. HP: 33/33 MP: 3/3
  1904 | D:2      | Reached XP level 4. HP: 41/41 MP: 4/4
  2221 | D:3      | Reached ** piety under Trog
  2475 | D:4      | Found a white marble altar of Elyvilon.
  2485 | D:4      | Noticed a scorpion
  2488 | D:4      | Reached skill level 1 in Maces & Flails
  2499 | D:4      | Gained mutation: You have a pair of small antennae on your
                  | head. [potion of mutation]
  2499 | D:4      | Gained mutation: You are agile. (Dex +4, Str/Int -1)
                  | [potion of mutation]
  2499 | D:4      | Gained mutation: Your natural rate of healing is unusually
                  | fast. [potion of mutation]
  2500 | D:4      | Killed a scorpion
  2500 | D:4      | Succumbed to a scorpion's poison

Illustrated notes

Levels and vault maps discovered:
D:1:      tarquinn_simple_flora_water_d, layout_loops_ring,
          hellmonk_ecumenical_altar_run_dry
D:2:      minmay_general_purpose_star, layout_basic
D:3:      layout_rooms, minivault_19, grunt_ministairs_3
D:4:      layout_basic, elyvilon_altar_1

Skill      XL: |  1  2  3  4 |
---------------+-------------+-----
Fighting       | 4 |  4.7
Dodging        | 2 |  2.0
Armour         | 3 |  3.0
Maces & Flails | 1 |  1.0
Axes           | |  4.5
Staves         | |  0.2
Stealth        | |  0.1

Action                     |  1- 3 |  4- 6 || total
---------------------------+-------+-------++-------
  Melee: Hand axe          |    22 |       ||    22
         Mace              |    28 |       ||    28
         Morningstar       |    41 |       ||    41
         Quarterstaff      |    14 |    39 ||    53
    Use: Potion            |       |     1 ||     1
 Armour: Chain mail        |    78 |    10 ||    88
         Animal skin       |     1 |       ||     1
         Plate armour      |       |     7 ||     7
  Dodge: Dodged            |    73 |    17 ||    90
